 Dungeon Crawl Stone Soup version 0.28.0-1-gb440e238dd (webtiles) character file.

Game seed: 9738143618732750207

49 shoop the Skirmisher (level 3, -2/31 HPs)
             Began as a Palentonga Abyssal Knight on Feb 20, 2022.
             Was a Follower of Lugonu.
             Killed from afar by an orc wizard (8 damage)
             ... with a magic dart
             ... on level 2 of the Dungeon.
             The game lasted 00:03:49 (2508 turns).

shoop the Skirmisher (Palentonga Abyssal Knight)    Turns: 2508, Time: 00:03:50

Health: -2/31      AC:  4    Str: 18    XL:     3   Next: 53%
Magic:  4/4        EV:  9    Int: 10    God:    Lugonu [*.....]
Gold:   108        SH:  0    Dex: 10    Spells: 0/2 levels left

rFire   . . .      SeeInvis +   a - +1 hand axe
rCold   + . .      Faith    .   (no shield)
rNeg    . . .      Spirit   .   b - +0 leather armour
rPois   .          Reflect  .   (no helmet)
rElec   .          Harm     .   (no cloak)
rCorr   .          Rampage  .   (no gloves)
Will    .....                   (no barding)
Stlth   +.........              (no amulet)
HPRegen 0.10/turn               m - ring of protection from cold
MPRegen 0.09/turn               n - ring of wizardry

@: no status effects
A: large, rugged brown scales 3, see invisible, deformed body, roll 1, armoured
tail
a: Rolling Charge, Renounce Religion, Depart the Abyss


You were on level 2 of the Dungeon.
You worshipped Lugonu.
Lugonu was aware of your devotion.
You visited 1 branch of the dungeon, and saw 3 of its levels.
You visited the Abyss 1 time.

You collected 108 gold pieces.

Inventory:

Hand Weapons
 a - a +1 hand axe (weapon)
Armour
 b - a +0 leather armour (worn)
 l - a +0 scale mail
Jewellery
 m - a ring of protection from cold (left hand)
 n - a ring of wizardry (right hand)
Wands
 k - a wand of flame (10)
Scrolls
 c - 2 scrolls of noise {unknown}
 d - a scroll of immolation {unknown}
 e - 3 scrolls of identify {unknown}
 g - a scroll of magic mapping {unknown}
 i - a scroll of teleportation {unknown}
Potions
 f - a potion of attraction {unknown}
 h - a potion of curing {unknown}
 j - a potion of lignification {unknown}


   Skills:
 + Level 3.2 Fighting
 * Level 2.7 Axes
 + Level 1.9 Armour
 - Level 1.0 Dodging
 + Level 0.8 Stealth
 + Level 2.3 Invocations
 + Level 0.1 Evocations


You couldn't memorise any spells.
You knew the following spells:

 Your Spells              Type           Power      Damage    Failure   Level
p - Passwall              Tmut/Erth      0%         N/A       26%         2

Your spell library contained the following spells:

 Spells                   Type           Power      Damage    Failure   Level
 Blink                    Tloc           0%         N/A       26%         2
 Ensorcelled Hibernation  Hex/Ice        0%         N/A       26%         2
 Lesser Beckoning         Tloc           0%         N/A       45%         3
 Swiftness                Air            0%         N/A       45%         3
 Manifold Assault         Tloc           0%         N/A       99%         5


Dungeon Overview and Level Annotations

Branches:
Dungeon (3/15)

Altars:


Innate Abilities, Weirdness & Mutations

You are completely covered in rugged brown scales. (AC +3, +7% HP)
You have supernaturally acute eyesight. (SInv)
Armour fits poorly on your strangely shaped body.
You can roll at nearby foes to attack.
You have a long armoured tail.


Message History

The orc wizard misses you.
You hit the orc wizard.
The orc wizard is severely wounded.
The orc wizard casts a spell at you.
You are confused.
Okay, then.
The orc wizard hits you but does no damage.
There is a stone staircase leading down here.
The orc wizard hits you with a +0 dagger.
You're too confused to move!
The orc wizard hits you but does no damage.
You miss the orc wizard.
The orc wizard is severely wounded.
The orc wizard hits you with a +0 dagger.
You miss the orc wizard.
The orc wizard is severely wounded.
The orc wizard casts a spell at you. You resist with significant effort.
You feel less confused.
The orc wizard gestures at you while chanting.
You resist with significant effort.
The orc wizard hits you with a +0 dagger.
There is a stone staircase leading down here.
You hit the orc wizard.
Your tail-slap misses the orc wizard.
The orc wizard is almost dead.
The orc wizard hits you with a +0 dagger.
You closely miss the orc wizard.
The orc wizard is almost dead.
The orc wizard hits you but does no damage.
You barely miss the orc wizard.
The orc wizard is almost dead.
The orc wizard casts a spell at you. The magic dart hits you.
* * * LOW HITPOINT WARNING * * *
You hit the orc wizard but do no damage.
The orc wizard is almost dead.
The orc wizard hits you but does no damage.
The orc wizard casts a spell at you. The magic dart hits you!
You die...

.....................#.#####.####
..............#.....##.....#.##..
............#######...##.#......#
............# ###..#.#..#####
............# ##.........#
.........).## ###......>##
..........## ###########.........
#..#.####..###..o...##.......####
#.##........##..@.............###
#.#########......................
..###....................######.#
...#.....#####...................
.....)....####.........#########.
..........##..........###########
.............#......#.#.........#
...#.............................
..........####......###.........#


You could see an orc wizard.

Vanquished Creatures
  An adder (D:3)
  An orc (D:3)
  3 ball pythons
  3 endoplasms
  A giant cockroach (D:2)
  7 goblins
  5 hobgoblins
  A quokka (D:2)
  2 bats
  2 frilled lizards
  5 kobolds
  5 rats
36 creatures vanquished.

Notes
Turn   | Place    | Note
-------+----------+-------------------------------------------
     0 | Abyss:1  | shoop the Palentonga Abyssal Knight began the quest for the
                  | Orb.
     0 | Abyss:1  | Reached XP level 1. HP: 19/19 MP: 2/2
    16 | Abyss:2  | Noticed a small abomination
    26 | Abyss:2  | Noticed a sixfirhy
    26 | Abyss:2  | Noticed a glowing orange brain
    27 | D:1      | Escaped the Abyss
   334 | D:1      | Reached XP level 2. HP: 25/25 MP: 3/3
   336 | D:1      | Reached * piety under Lugonu
  1132 | D:2      | Reached skill level 1 in Dodging
  1520 | D:2      | Reached XP level 3. HP: 28/31 MP: 4/4
  2009 | D:3      | Learned a level 2 spell: Passwall
  2508 | D:2      | Killed from afar by an orc wizard

Illustrated notes

Levels and vault maps discovered:
D:1:      dpeg_arrival_oval, layout_basic
D:2:      layout_rooms
D:3:      layout_basic, nicolae_gozag_seed_capital

Skill      XL: |  1  2 |
---------------+-------+-----
Dodging        | 1 |  1.0
Fighting       | |  3.2
Axes           | |  2.7
Armour         | |  1.9
Stealth        | |  0.8
Invocations    | |  2.3
Evocations     | |  0.1

Action                   || total
-------------------------++-------
Melee: Hand axe          ||   104
       Tailslap          ||    16
       Punch             ||     1
Invok: Depart the Abyss  ||     1
 Abil: Rolling Charge    ||     3
Armor: Leather armour    ||    43
       Scale mail        ||     1
Dodge: Dodged            ||    34
